 Dungeon Crawl Stone Soup version 0.29.1-13-g9f3cf754e1 (webtiles) character file.

Game seed: 534858622187105798

151 Thatpatchoflichen the Trooper (level 5, -4/47 HPs)
             Began as a Hill Orc Monk on Jan 19, 2023.
             Killed from afar by Ijyb (11 damage)
             ... with an iceblast
             ... on level 3 of the Dungeon.
             The game lasted 00:05:56 (4003 turns).

Thatpatchoflichen the Trooper (Hill Orc Monk)       Turns: 4003, Time: 00:05:57

Health: -4/47      AC: 10    Str: 19    XL:     5   Next: 33%
Magic:  5/5        EV: 11    Int: 10    God:
Gold:   134        SH:  0    Dex: 13    Spells: 4/4 levels left

rFire   . . .      SeeInvis .   a - +0 mace
rCold   . . .      Faith    .   (no shield)
rNeg    . . .      Spirit   .   o - +3 ring mail of Moral Flaws {Str+3}
rPois   .          Reflect  .   (no helmet)
rElec   .          Harm     .   p - +0 cloak
rCorr   .          Rampage  .   (no gloves)
Will    .....                   (no boots)
Stlth   +.........              (no amulet)
HPRegen 0.15/turn               (no ring)
MPRegen 0.09/turn               (no ring)

@: no status effects
A: no striking features
a: no special abilities


You were on level 3 of the Dungeon.
You visited 1 branch of the dungeon, and saw 3 of its levels.

You collected 134 gold pieces.

Inventory:

Hand Weapons
 a - a +0 mace (weapon)
Missiles
 g - 7 poisoned darts (quivered)
Armour
 b - a +0 robe
 j - a +0 scale mail
 o - the +3 ring mail of Moral Flaws (worn) {Str+3}
   (You found it on level 2 of the Dungeon)

   Str:       It affects your strength (+3).
 p - a +0 cloak (worn)
Scrolls
 d - 3 scrolls of vulnerability {unknown}
 e - a scroll of blinking {unknown}
 f - a scroll of immolation {unknown}
 l - 2 scrolls of teleportation {unknown}
 n - 2 scrolls of identify {unknown}
Potions
 c - a potion of ambrosia
 h - a potion of haste {unknown}
 i - a potion of mutation {unknown}
 k - a potion of curing {unknown}
 m - a potion of flight {unknown}


   Skills:
 + Level 4.6 Fighting
 + Level 4.2 Maces & Flails
 * Level 3.7 Armour
 - Level 2.4 Dodging
 - Level 1.5 Stealth


You had 4 spell levels left.
You didn't know any spells.
Your spell library contained the following spells:

 Spells                   Type           Power      Damage    Failure   Level
 Inner Flame              Hex/Fire       0%         N/A       88%         3
 Cause Fear               Hex            0%         N/A       99%         4
 Discord                  Hex            0%         N/A       100%        8


Dungeon Overview and Level Annotations

Branches:
Dungeon (3/15)

Altars:
Fedhas
Gozag

Shops:
D:1 (   D:2 :

Annotations:
D:3 Ijyb


Message History

You kill the ball python!
You see here a ball python corpse.
You see here a +0 flail.
There is an open door here.
You see here a +0 short sword.
There is an open door here.
You now have 123 gold pieces (gained 10).
d - 3 scrolls labelled IPYDU GYILI (gained 1)
There is a stone staircase leading down here.
Found a trident.
You now have 134 gold pieces (gained 11).
You see here a +0 trident.
You open the door.
There is an open door here.
You open the door. You open the door.
There is an open door here.
There is an open door here.
An endoplasm comes into view.
The endoplasm hits you.
You hit the endoplasm.
The endoplasm is heavily wounded.
The endoplasm hits you but does no damage.
The endoplasm barely misses you.
You hit the endoplasm.
You kill the endoplasm!
n - 2 scrolls labelled ENEINKOWEPP (gained 1)
A worm comes into view.
Ijyb the Twisted Goblin comes into view.
She is wielding a +0 dagger and carrying a wand of iceblast (5).
Found a scroll labelled QYLAXUFFUB.
Ijyb shouts!
Ijyb grins evilly.
Ijyb zaps a wand.
The mass of ice explodes!
The iceblast engulfs you!!
Ijyb zaps a wand.
The mass of ice explodes!
The iceblast engulfs you!
Ijyb zaps a wand.
The mass of ice explodes!
The iceblast engulfs you!
* * * LOW HITPOINT WARNING * * *
Ijyb zaps a wand.
The mass of ice explodes!
The iceblast engulfs you.
* * * LOW HITPOINT WARNING * * *
Ijyb zaps a wand.
The mass of ice explodes!
The iceblast engulfs you!
You die...

#.#.#.#.......#........# ##..
#.#.#.#.......#......).# ###
#.#........<..###############
#.#.......#+### #....
#...#.#####.# .. #....
###.#.#####.## ###.. #....
#...#........##..... #....
#.#.#.#............. #....
.......#.....@....... #####
### #...+.............
#####.............
#............. #..........g..
#.......w..?.# #............#
#.##......#### #.##......#


You could see Ijyb and a worm.

Vanquished Creatures
  An orc wizard (D:3)
  7 adders
  A worm (D:2)
  3 dart slugs
  4 orcs (D:3)
  4 endoplasms
  4 giant cockroaches
  A goblin (D:1)
  5 hobgoblins
  3 quokkas
  5 ball pythons
  5 bats
  4 frilled lizards
  5 kobolds
  2 rats
54 creatures vanquished.

Notes
Turn   | Place    | Note
-------+----------+-------------------------------------------
     0 | D:1      | Thatpatchoflichen the Hill Orc Monk began the quest for the
                  | Orb.
     0 | D:1      | Reached XP level 1. HP: 19/19 MP: 1/1
    22 | D:1      | Found a faded altar of an unknown god.
   268 | D:1      | Reached skill level 1 in Armour
   380 | D:1      | Reached XP level 2. HP: 18/27 MP: 2/2
   509 | D:1      | Found Zalua's Antique Weapon Shop.
  1202 | D:1      | Reached XP level 3. HP: 33/33 MP: 3/3
  2211 | D:2      | Found Jiukhug's Book Shoppe.
  2358 | D:2      | Reached XP level 4. HP: 40/40 MP: 4/4
  2768 | D:2      | Identified the +3 ring mail of Moral Flaws {Str+3}
  2997 | D:3      | Found an opulent altar of Gozag.
  3112 | D:3      | Found a blossoming altar of Fedhas.
  3498 | D:3      | Reached XP level 5. HP: 31/47 MP: 5/5
  3998 | D:3      | Noticed Ijyb
  4003 | D:3      | Killed from afar by Ijyb

Illustrated notes

Levels and vault maps discovered:
D:1:      scummos_arrival_simple_fountains, layout_basic, serial_shops,
          nicolae_shop_statue_plus, ebering_ecumenical_altar_abandoned
D:2:      layout_loops_cross, serial_shops, nicolae_shop_crystal
D:3:      layout_basic, nicolae_gozag_seed_capital, fedhas_ov_isle_minmay,
          uniq_ijyb

Skill      XL: |  1  2  3  4 |
---------------+-------------+-----
Armour         | 1 2 3 |  3.7
Fighting       | 4 |  4.6
Maces & Flails | 4 |  4.2
Dodging        | |  2.4
Stealth        | |  1.5

Action                   |  1- 3 |  4- 6 || total
-------------------------+-------+-------++-------
Melee: Mace              |   105 |    95 ||   200
       Punch             |     3 |     1 ||     4
 Stab: Sleeping          |     2 |       ||     2
Armor: Robe              |    13 |       ||    13
       Scale mail        |    16 |    21 ||    37
       Ring mail         |       |    45 ||    45
Dodge: Dodged            |    86 |    60 ||   146
